 Dungeon Crawl Stone Soup version 0.28.0-45-g0d030f2227 (webtiles) character file.

Game seed: 14529262272097782866

86 GigaChad the Skirmisher (level 4, 0/41 HPs)
             Began as a Minotaur Chaos Knight on Apr 12, 2022.
             Was a Plaything of Xom.
             Slain by a gnoll
             ... wielding a +0 halberd
              (7 damage)
             ... on level 4 of the Dungeon.
             The game lasted 00:05:37 (1793 turns).

GigaChad the Skirmisher (Minotaur Chaos Knight)     Turns: 1793, Time: 00:05:38

Health: 0/41       AC: 11    Str: 17    XL:     4   Next: 27%
Magic:  3/3        EV:  5    Int:  9    God:    Xom [*.....]
Gold:   91         SH:  0    Dex:  9    Spells: 3/3 levels left

rFire   . . .      SeeInvis .   a - +0 falchion (chaos)
rCold   . . .      Faith    .   (no shield)
rNeg    . . .      Spirit   .   p - +0 plate armour
rPois   .          Reflect  .   (helmet restricted)
rElec   .          Harm     .   (no cloak)
rCorr   .          Rampage  .   (no gloves)
Will    .....                   (no boots)
Stlth   ..........              (no amulet)
HPRegen 0.13/turn               (no ring)
MPRegen 0.08/turn               (no ring)

@: no status effects
A: horns 2, retaliatory headbutt, hooves 1, clumsy 1
a: Renounce Religion


You were on level 4 of the Dungeon.
You worshipped Xom.
You were a special plaything of Xom.
You visited 1 branch of the dungeon, and saw 4 of its levels.

You collected 91 gold pieces.

Inventory:

Hand Weapons
 a - a +0 falchion of chaos (weapon)
 c - a +0 dagger of venom
 f - a +0 rapier
 q - a +0 falchion of electrocution
Missiles
 j - 2 javelins (quivered)
Armour
 b - a +2 leather armour
 k - a +0 chain mail
 p - a +0 plate armour (worn)
Jewellery
 m - a ring of magical power
 n - an amulet of magic regeneration
Scrolls
 d - 2 scrolls of torment {unknown}
 e - a scroll of amnesia {unknown}
 h - a scroll of identify {unknown}
 i - 3 scrolls of blinking {unknown}
 l - a scroll of teleportation {unknown}
Potions
 g - 2 potions of curing {unknown}
 o - a potion of brilliance {unknown}


   Skills:
 + Level 4.8 Fighting
 + Level 4.6 Long Blades
 + Level 3.3 Armour
 + Level 1.4 Dodging


You had 3 spell levels left.
You didn't know any spells.
Your spell library contained the following spells:

 Spells                   Type           Power      Damage    Failure   Level
 Foxfire                  Conj/Fire      0%         2x1d4     100%        1
 Summon Small Mammal      Summ           0%         N/A       100%        1
 Conjure Flame            Conj/Fire      0%         6-21      100%        3
 Inner Flame              Hex/Fire       0%         N/A       100%        3
 Flame Wave               Conj/Fire      0%         2d4       100%        4


Dungeon Overview and Level Annotations

Branches:
Dungeon (3/15)

Altars:


Innate Abilities, Weirdness & Mutations

You have a pair of horns on your head.
You reflexively headbutt those who attack you in melee.
You have large cloven feet.
You are clumsy. (Dex -2)


Message History

You see here a ball python corpse. 3 gnolls come into view.
The gnoll shouts! x2 "This might be better!"
The gnoll seems to grow stronger.
You hear a shout!
A gnoll comes into view. It is wielding a +0 club.
You hit the gnoll.
The gnoll flickers and vanishes!
Deactivating autopickup; reactivate with Ctrl-A.
Xom is highly amused!
Your kick misses something. You headbutt something!
Something hits you but does no damage.
You barely miss something. Your kick misses something.
Something hits you but does no damage.
You slash something!
Reactivating autopickup.
You feel a bit more experienced.
You have reached level 4!
You feel stronger. The gnoll hits you but does no damage.
The gnoll barely misses you.
Things that are here:
a +0 club; a gnoll corpse You hit the gnoll but do no damage.
The gnoll is poisoned.
You headbutt the gnoll!
The gnoll is severely wounded.
The gnoll hits you from afar with a +0 halberd!
The gnoll barely misses you.
You hit the gnoll. You freeze the gnoll. Your kick misses the gnoll.
The gnoll is almost dead.
The gnoll hits you but does no damage. The gnoll hits you with a +0 halberd.
You slash the gnoll! You freeze the gnoll.
You kill the gnoll!
The gnoll hits you from afar with a +0 halberd.
The gnoll hits you with a +0 halberd!
* * * LOW HITPOINT WARNING * * *
You see here a +0 halberd.
You hit the gnoll. Your kick misses the gnoll.
The gnoll is lightly wounded.
The gnoll hits you with a +0 halberd!
You die...

###########
#.)@gg.....
#.#########
#.# #.# #.#
#.# #†# #.#
#.#


You could see 2 gnolls.

Vanquished Creatures
  2 gnolls (D:4)
  2 adders (D:2)
  An orc (D:3)
  5 endoplasms
  A giant cockroach (D:1)
  5 goblins
  6 hobgoblins
  2 jackals (D:2)
  3 kobolds (D:1)
  5 quokkas
  5 ball pythons
  2 bats
  A frilled lizard (D:1)
  5 rats
45 creatures vanquished.

Vanquished Creatures (others)
  A plant (D:1)
1 creature vanquished.

Grand Total: 46 creatures vanquished

Notes
Turn   | Place    | Note
-------+----------+-------------------------------------------
     0 | D:1      | GigaChad the Minotaur Chaos Knight began the quest for the
                  | Orb.
     0 | D:1      | Reached XP level 1. HP: 19/19 MP: 0/0
    36 | D:1      | XOM: silly message
    78 | D:1      | XOM: silly message
   115 | D:1      | Reached XP level 2. HP: 26/27 MP: 1/1
   156 | D:1      | Found a faded altar of an unknown god.
   173 | D:1      | Got Plato's Almanac of the Escort
   310 | D:1      | XOM: silly message
   402 | D:1      | XOM: noise
   634 | D:2      | Reached XP level 3. HP: 10/34 MP: 2/2
   891 | D:2      | XOM: silly message
  1045 | D:2      | XOM: give mutations
  1045 | D:2      | Gained mutation: You have large cloven feet. [Xom's
                  | mischief]
  1045 | D:2      | Gained mutation: You are clumsy. (Dex -2) [Xom's mischief]
  1775 | D:3      | You fall into a shaft and drop 1 floor!
  1783 | D:4      | XOM: enchant monster (bad)
  1788 | D:4      | Reached XP level 4. HP: 41/41 MP: 3/3
  1793 | D:4      | Slain by a gnoll

Illustrated notes

Levels and vault maps discovered:
D:1:      wander_arrival_desolate, layout_basic,
          shapermc_ecumenical_altar_rom_forum, minivault_23,
          kennysheep_minor_cross
D:2:      layout_loops_ring, st_stairs_8
D:3:      minmay_door_path, layout_loops_ring
D:4:      layout_basic, uniq_robin

Skill      XL: |  1  2  3 |
---------------+----------+-----
Long Blades    | 4 |  4.6
Fighting       | 4 |  4.8
Armour         | 3 |  3.3
Dodging        | |  1.4

Action                   |  1- 3 |  4- 6 || total
-------------------------+-------+-------++-------
Melee: Falchion          |    81 |     4 ||    85
       Headbutt          |    11 |     1 ||    12
       Punch             |     1 |       ||     1
       Kick              |     4 |       ||     4
Armor: Leather armour    |    18 |       ||    18
       Chain mail        |    31 |       ||    31
       Plate armour      |     9 |     2 ||    11
Dodge: Dodged            |    51 |     2 ||    53
